 Dungeon Crawl Stone Soup version 0.31-a0-202-g547052bce9 (webtiles) character file.

Game seed: 4345659480614182786

87 qw the Shooter (level 4, -2/25 HPs)
             Began as a Deep Elf Hunter on June 26, 2023.
             Slain by a goblin
             ... wielding a +0 dagger of electrocution
             ... led by Robin
              (9 damage)
             ... on level 2 of the Dungeon.
             The game lasted 00:00:33 (1385 turns).

qw the Shooter (Deep Elf Hunter)                    Turns: 1385, Time: 00:00:34

Health: -2/25      AC:  5    Str: 10    XL:     4   Next: 28%
Magic:  6/6        EV: 11    Int: 14    God:
Gold:   0          SH:  0    Dex: 18    Spells: 3/3 levels left

rFire   . . .        Y - +0 orcbow (freeze)
rCold   . . .        (shield currently unavailable)
rNeg    . . .        e - +0 ring mail
rPois   .            (no helmet)
rElec   .            (no cloak)
rCorr   .            (no gloves)
SInv    .            (no boots)
Will    .....        (no amulet)
Stlth   +            (no ring)
HPRegen 0.24/turn    (no ring)
MPRegen 0.10/turn

%: no passive effects
@: no status effects
A: no striking features
a: no special abilities


You were on level 2 of the Dungeon.
You visited 1 branch of the dungeon, and saw 2 of its levels.

You collected 80 gold pieces.
You spent 80 gold pieces at shops.


   Skills:
 - Level 1.5 Fighting
 + Level 7.7 Ranged Weapons
 - Level 2.4 Dodging
 - Level 1.2 Stealth


You had 3 spell levels left.
You didn't know any spells.
Your spell library was empty.

Inventory:

Hand Weapons
 Y - a +0 orcbow of freezing (weapon)
Armour
 e - a +0 ring mail (worn)
Scrolls
 a - a scroll of identify
Potions
 b - a potion of curing {unknown}
 i - a potion of cancellation

Dungeon Overview and Level Annotations

Branches:
Dungeon (2/15)

Altars:
The Shining One

Shops:
D:2 !


Message History

You kill the hobgoblin!
Robin throws the goblin at you! The goblin hits you with a +0 club.
You shoot an arrow. The arrow hits the goblin!
The arrow freezes the goblin.
You kill the goblin!
Robin throws the goblin at you! The goblin barely misses you.
You shoot an arrow. The arrow closely misses the goblin.
The arrow barely misses the goblin.
The goblin hits you but does no damage.
The goblin hits you with a +0 dagger of electrocution. x2
The goblin hits you with a +0 club.
You shoot an arrow. The arrow barely misses the goblin.
The arrow closely misses the goblin.
The arrow barely misses Robin.
The goblin hits you with a +0 club. The goblin barely misses you.
You shoot an arrow.
The arrow misses the goblin. x2; The arrow hits Robin.
The arrow freezes Robin.
Robin is moderately wounded.
Robin roars a battlecry!
The goblins go into a battle-frenzy!
The goblin hits you with a +0 club.
The goblin hits you with a +0 dagger of electrocution.
You shoot an arrow. The arrow misses the goblin.
The arrow closely misses the goblin.
The arrow hits Robin.
The arrow freezes Robin.
Robin is almost dead.
The goblin hits you but does no damage. The goblin closely misses you.
The goblin barely misses you. x2
You shoot an arrow. The arrow barely misses the goblin.
The arrow closely misses the goblin.
The arrow hits Robin!
The arrow freezes Robin.
You kill Robin!
The goblin hits you but does no damage. The goblin hits you with a +0 club.
You shoot an arrow. The arrow closely misses the goblin. x2
The arrow hits the goblin!
The arrow freezes the goblin.
You kill the goblin!
The goblin hits you with a +0 dagger of electrocution.
The goblin closely misses you.
You shoot an arrow. The arrow closely misses the goblin. x2
The goblin hits you with a +0 dagger of electrocution.
You are electrocuted!
You die...

#######....
#.....#.###
###########.###.#....
#......^....# #%#####
#.########### #......
#.# ####### #.#
...g..) #.#######)).
####### #..g@gg).)..
#########.._


You could see 3 goblins.

Vanquished Creatures
  Robin (D:2)
  3 adders (D:2)
  A worm (D:2)
  A dart slug (D:1)
  2 endoplasms (D:1)
  3 giant cockroaches (D:2)
  5 hobgoblins (D:2)
  2 quokkas
  3 ball pythons
  5 bats
  3 frilled lizards
  12 goblins
  2 kobolds (D:1)
  A rat (D:1)
  A spectral kobold (D:1)
45 creatures vanquished.

Notes
Turn   | Place    | Note
-------+----------+-------------------------------------------
     0 | D:1      | qw the Deep Elf Hunter began the quest for the Orb.
     0 | D:1      | Reached XP level 1. HP: 12/12 MP: 3/3
     0 | D:1      | 0 ||| qw: Version: 0.3-a-22-g0ed2b0b
     0 | D:1      | 0 ||| qw: Game counter: 5980
     0 | D:1      | 0 ||| qw: Melee chars always use a shield: true
     0 | D:1      | 0 ||| qw: God list: Okawaru
     0 | D:1      | 0 ||| qw: Allow faded altars: false
     0 | D:1      | 0 ||| qw: Do Orc after clearing Dungeon:15 true
     0 | D:1      | 0 ||| qw: Do second Lair branch before Depths: true
     0 | D:1      | 0 ||| qw: Lair rune preference: random
     0 | D:1      | 0 ||| qw: Goals: Normal
     0 | D:1      | 0 ||| PLANNING D:1-11
    58 | D:1      | Found a faded altar of an unknown god.
    59 | D:1      | 59 ||| Stepping ~*~*~tactically~*~*~ (water).
   342 | D:1      | Reached XP level 2. HP: 16/16 MP: 4/4
   380 | D:1      | Reached skill level 6 in Ranged Weapons
   433 | D:1      | 433 ||| FLEEEEING.
   718 | D:1      | 718 ||| READING 2 scrolls labelled UPNUHY ACZAGE.
   719 | D:1      | 719 ||| READING scroll labelled QIB OL HORIREU.
   720 | D:1      | 720 ||| READING scroll labelled XINYDGHAUXE.
   721 | D:1      | 721 ||| DROPPING scroll of butterflies.
   745 | D:2      | Identified the +10 dagger "Hydraslayer" {drain, Will+}
   882 | D:2      | Reached XP level 3. HP: 20/20 MP: 5/5
   966 | D:2      | Reached skill level 7 in Ranged Weapons
  1004 | D:2      | Found Voreiblu's Distillery.
  1079 | D:2      | 1079 ||| BUYING potion of cancellation (80 gold).
  1079 | D:2      | Bought a potion of cancellation for 80 gold pieces
  1079 | D:2      | 1079 ||| SHOPLISTING potion of curing (30 gold, have 0).
  1079 | D:2      | 1079 ||| SHOPLISTING potion of enlightenment (50 gold, have
                  | 0).
  1079 | D:2      | 1079 ||| SHOPLISTING potion of haste (100 gold, have 0).
  1079 | D:2      | 1079 ||| SHOPLISTING potion of mutation (80 gold, have 0).
  1079 | D:2      | 1079 ||| SHOPLISTING potion of resistance (100 gold, have
                  | 0).
  1142 | D:2      | Reached XP level 4. HP: 10/25 MP: 6/6
  1142 | D:2      | 1142 ||| FLEEEEING.
  1144 | D:2      | 1144 ||| FLEEEEING.
  1145 | D:2      | 1145 ||| STAIRDANCE
  1204 | D:1      | 1204 ||| UPGRADING to +0 ring mail.
  1214 | D:1      | 1214 ||| DROPPING +0 leather armour.
  1215 | D:1      | 1215 ||| READING scroll labelled TUKAGA PAMO.
  1216 | D:1      | 1216 ||| READING scroll labelled SIOBRU HOGUXUPT.
  1216 | D:1      | Identified a scroll of acquirement
  1216 | D:1      | 1216 ||| ACQUIRING +0 orcbow of freezing
  1216 | D:1      | Acquired a +0 orcbow of freezing
  1218 | D:1      | 1218 ||| SWAPPING to +0 orcbow of freezing.
  1219 | D:1      | 1219 ||| DROPPING +0 shortbow.
  1220 | D:1      | 1220 ||| READING scroll labelled NYUMOBB LOCAA.
  1221 | D:1      | 1221 ||| READING scroll labelled FUEBELAAJU.
  1374 | D:2      | Found a glowing golden altar of the Shining One.
  1374 | D:2      | Noticed Robin
  1383 | D:2      | Killed Robin
  1385 | D:2      | Slain by a goblin

Levels and vault maps discovered:
D:1:      saegor_arrival_simple_d, layout_loops_corners,
          dreamdust_ecumenical_altar_drowned_temple
D:2:      layout_basic, basic_altar, serial_shops, shop, uniq_robin

Skill      XL: |  1  2  3 |
---------------+----------+-----
Ranged Weapons | 6 7 |  7.7
Fighting       | |  1.5
Dodging        | |  2.4
Stealth        | |  1.2

Action                     |  1- 3 |  4- 6 || total
---------------------------+-------+-------++-------
   Fire: Shortbow          |   108 |       ||   108
         Orcbow            |       |    18 ||    18
    Use: Scroll            |     3 |     4 ||     7
 Armour: Leather armour    |    10 |       ||    10
         Ring mail         |       |     5 ||     5
  Dodge: Dodged            |    34 |    11 ||    45

Table legend:
 A = Non-vault XP
 B = Vault XP
 C = Vault XP percentage of total XP
 D = Non-vault monster count
 E = Vault monster count
 F = Vault count percentage of total count
                 A         B        C        D         E       F
            +---------+---------+-------+---------+---------+-------
      Total |      93 |      32 |  25.6 |      34 |      11 |  24.4
            +---------+---------+-------+---------+---------+-------
        D:1 |      26 |       1 |   3.7 |      17 |       1 |   5.6
        D:2 |      67 |      31 |  31.6 |      17 |      10 |  37.0
            +---------+---------+-------+---------+---------+-------
